Map: Catalyst LE

Players

Seismic - Winner!

  • Race: Zerg Zerg
  • League: Gold
  • Spawn Location: 5:00

A.I. 1 (Medium)

  • Race: Protoss Protoss
  • Spawn Location: 11:00

VOD

Have the link to the VOD?

Description

Time

  • Played on: March 23, 2018, 9:58 p.m.
  • Length: 16:16
Show
View Real Time Build Order
Export as new Build Order

Seismic Zerg - Winner!

Build Orders: Hatch First 

Get SALT Encoding   

  12  0:01  Drone  
  13  0:14  Overlord  
  13  0:17  Drone  
  14  0:33  Drone x2  
  16  0:37  Drone  
  17  0:57  Drone  
  18  0:58  Hatchery  
  17  1:05  Drone  
  18  1:14  Spawning Pool  
  17  1:19  Extractor  
  17  1:20  Drone  
  17  1:21  Drone  
  18  1:36  Drone  
  19  1:41  Drone  
  20  1:51  Overlord  
  20  2:05  Drone  
  21  2:11  Queen x2  
  25  2:16  Drone x2  
  25  2:22  Metabolic Boost  
  27  2:24  Drone  
  27  2:25  Drone  
  29  2:36  Overlord x2  
  29  2:45  Drone  
  29  2:46  Drone  
  31  2:53  Queen  
  33  3:09  Drone x4  
  37  3:17  Pneumatized Carapace  
  37  3:28  Overlord  
  37  3:29  Drone x4  
  37  3:30  Drone x3  
  44  4:03  Hatchery  
  44  4:06  Drone x5  
  44  4:07  Drone x5  
  53  4:15  Extractor  
  52  4:17  Extractor  
  52  4:21  Evolution Chamber x2  
  49  4:26  Roach Warren  
  49  4:28  Lair  
  48  4:35  Queen  
  50  4:55  Drone  
  50  4:56  Drone  
  50  4:57  Overlord x2  
  50  4:58  Overlord x2  
  52  5:26  Overlord x2  
  52  5:27  Drone  
  52  5:28  Drone x6  
  58  5:29  Drone x2  
  61  5:46  Roach x4  
  61  5:47  Drone x2, Roach  
  61  5:48  Drone x2  
  75  6:07  Hydralisk Den  
  74  6:33  Overlord  
  74  6:34  Overlord x2  
  74  6:35  Drone x5  
  74  6:36  Drone x3  
  82  6:47  Zerg Missile Weapons Level 1  
  82  6:48  Zerg Ground Armor Level 1  
  82  6:50  Grooved Spines  
  82  7:07  Extractor  
  82  7:08  Extractor  
  80  7:10  Extractor  
  79  7:48  Hydralisk  
  79  7:49  Hydralisk x4  
  79  7:51  Roach x5  
  99  7:52  Overlord x2  
  99  7:53  Zergling x4, Overlord, Hatchery  
  99  7:54  Zergling x8  
  99  7:55  Zergling x4  
  99  7:56  Extractor  
  105  8:00  Extractor  
  105  8:01  Muscular Augments  
  104  8:39  Overlord x2  
  104  8:41  Hydralisk x5  
  104  8:43  Roach x4  
  104  8:44  Zergling x2, Roach  
  104  8:45  Zergling x4  
  104  8:48  Overlord x3  
  127  9:07  Drone x7  
  127  9:08  Drone  
  135  9:36  Overlord x2, Hydralisk  
  135  9:37  Hydralisk x3  
  143  9:38  Zergling x6  
  143  9:39  Zergling x10  
  151  10:09  Roach x2  
  151  10:10  Roach x4  
  151  10:11  Roach x2  
  151  10:12  Hydralisk x3  
  151  10:13  Hydralisk x2  
  177  10:14  Overlord  
  177  10:15  Overlord  
  177  10:22  Hydralisk  
  177  10:23  Hydralisk x2  
  179  10:46  Hydralisk x6  
  179  10:47  Hydralisk x4  
  179  10:48  Hydralisk x2  
  198  10:51  Zergling x2, Overlord  
  198  10:52  Overlord  
  199  10:57  Overseer x2  
  188  12:33  Zerg Missile Weapons Level 2  
  188  12:35  Zerg Ground Armor Level 2  
  181  12:38  Zergling x12  
  181  12:39  Zergling x12  
Show
View Real Time Build Order
Export as new Build Order

A.I. 1 (Medium) Protoss 

Build Orders: 1 Gate Expand 

Get SALT Encoding   

  12  0:00  Probe  
  13  0:13  Probe  
  14  0:21  Pylon  
  14  0:25  Probe  
  15  0:35  Probe  
  16  0:43  Probe  
  17  0:50  Gateway  
  17  1:08  Probe  
  17  1:12  Nexus  
  18  1:28  Pylon  
  18  1:32  Assimilator  
  18  1:40  Zealot  
  18  1:42  Probe, Cybernetics Core  
  21  1:53  Probe  
  22  2:02  Probe  
  22  2:05  Gateway  
  23  2:10  Probe  
  23  2:14  Assimilator  
  24  2:19  Stalker  
  26  2:23  Probe  
  26  2:24  Pylon  
  27  2:34  Probe  
  27  2:38  Warp Gate  
  28  2:49  Adept  
  30  2:51  Adept  
  32  3:02  Assimilator  
  32  3:16  Adept  
  34  3:21  Probe  
  34  3:23  Assimilator  
  35  3:29  Stalker  
  35  3:30  Probe  
  35  3:31  Probe  
  39  3:42  Stalker, Probe  
  39  3:43  Probe  
  43  3:54  Probe  
  44  4:00  Pylon  
  44  4:02  Probe  
  45  4:06  Probe  
  45  4:07  Sentry  
  48  4:14  Probe  
  49  4:18  Probe  
  50  4:25  Zealot  
  50  4:26  Probe, Pylon  
  50  4:27  Probe  
  54  4:37  Probe  
  54  4:39  Probe  
  54  4:43  Zealot  
  58  4:51  Probe  
  59  4:55  Probe  
  59  4:56  Pylon  
  60  5:02  Sentry  
  60  5:03  Probe x2  
  63  5:11  Probe  
  64  5:17  Probe, Pylon  
  64  5:21  Stalker  
  68  5:23  Probe  
  68  5:27  Probe  
  71  5:35  Probe  
  71  5:37  Robotics Facility  
  71  5:38  Probe  
  71  5:39  Stalker  
  74  5:45  Pylon  
  74  5:47  Probe  
  74  5:49  Probe  
  75  5:55  Forge  
  76  5:58  Stalker  
  76  5:59  Probe  
  79  6:07  Probe  
  79  6:08  Probe  
  79  6:10  Pylon  
  80  6:16  Stalker, Pylon  
  83  6:19  Pylon  
  83  6:20  Probe  
  83  6:23  Stargate  
  83  6:25  Observer  
  85  6:29  Twilight Council  
  85  6:31  Photon Cannon  
  85  6:33  Photon Cannon  
  85  6:35  Sentry, Gateway  
  85  6:37  Forge  
  87  6:42  Photon Cannon  
  87  6:46  Observer  
  87  6:47  Photon Cannon  
  88  6:54  Sentry  
  90  9:24  Nexus  
  90  9:54  Protoss Ground Armor Level 1  
  90  10:01  Protoss Ground Weapons Level 1  
  90  10:05  Warp Prism  
  90  10:11  Stalker  
  94  10:14  Gateway  
  94  10:18  Robotics Facility  
  94  10:20  Stalker  
  96  10:21  Stargate  
  96  10:24  Templar Archives  
  96  10:27  Robotics Bay  
  96  10:29  Warp Prism  
  96  10:31  Dark Shrine  
  96  10:36  Fleet Beacon  
  96  10:39  Stalker  
  92  10:49  Stalker, Pylon  
  70  10:51  Pylon  
  70  10:52  Assimilator  
  70  10:53  Assimilator  
  68  10:58  Stalker  
  70  11:04  Observer  
  70  11:07  Stalker  
  73  11:12  Photon Cannon  
  73  11:15  Photon Cannon  
  73  11:16  Observer Gravitic Boosters  
  73  11:17  Stalker  
  75  11:21  Probe  
  75  11:24  Probe, Void Ray  
  73  11:31  Void Ray  
  65  11:33  Probe  
  65  11:36  Probe  
  65  11:37  Immortal  
  68  11:46  Immortal, Probe  
  73  11:49  Probe  
  66  11:55  Stalker  
  66  11:58  Probe  
  69  12:07  Void Ray  
  63  12:10  Probe  
  63  12:12  Nexus  
  59  12:17  Zealot  
  59  12:22  Probe  
  48  12:24  Zealot  
  48  12:26  Pylon  
  48  12:31  Zealot  
  48  12:34  Probe  
  48  12:35  Pylon  
  36  12:39  Nexus  
  33  12:46  Zealot, Probe  
  22  12:53  Assimilator  
  11  13:00  Zealot  
  1  13:20  Probe  
  2  13:28  Probe  
  3  13:38  Probe  
  3  13:50  Probe  
Tags
 
Add a new tag
Caveats
  • Supply blocks, unpowered buildings, or Contaminate may cause inaccurate times.
  • Supply counts are checked every 10 seconds.